 Dungeon Crawl Stone Soup version 0.30-a0-439-g9e77e4d916 (webtiles) character file.

Game seed: 2866229747448959232

88 AigisTheKnight the Firebug (level 4, -1/25 HPs)
             Began as a Tengu Fire Elementalist on Dec 10, 2022.
             Splashed by a jelly's acid (8 damage)
             ... on level 2 of the Dungeon.
             The game lasted 00:02:19 (1778 turns).

AigisTheKnight the Firebug (TeFE)                   Turns: 1778, Time: 00:02:20

Health: -1/25      AC:  2    Str:  8    XL:     4   Next: 53%
Magic:  3/8        EV: 13    Int: 18    God:
Gold:   72         SH:  0    Dex: 14    Spells: 7/8 levels left

rFire   . . .      SeeInvis .    f - +0 whip
rCold   . . .      Faith    .    (no shield)
rNeg    . . .      Spirit   .    a - +0 robe
rPois   .          Reflect  .    (helmet restricted)
rElec   .          Harm     .    (no cloak)
rCorr   .          Rampage  .    (no gloves)
Will    +....                    (boots unavailable)
Stlth   ++........               (no amulet)
HPRegen 0.24/turn                l - ring of willpower
MPRegen 0.11/turn                (no ring)

@: no status effects
A: beak, talons 3
a: no special abilities


You were on level 2 of the Dungeon.
You visited 1 branch of the dungeon, and saw 2 of its levels.

You collected 72 gold pieces.

Inventory:

Hand Weapons
 f - a +0 whip (weapon)
Armour
 a - a +0 robe (worn)
Jewellery
 l - a ring of willpower (left hand)
Scrolls
 c - a scroll of fear {unknown}
 d - a scroll of immolation {unknown}
 e - 2 scrolls of identify {unknown}
 h - a scroll of enchant weapon {unknown}
Potions
 b - 2 potions of magic
 g - a potion of flight {unknown}
 i - 2 potions of attraction {unknown}
 j - a potion of might {unknown}
 k - a potion of haste {unknown}


   Skills:
 + Level 1.4 Fighting
 + Level 2.9 Dodging
 - Level 2.0 Stealth
 + Level 2.6 Spellcasting
 + Level 2.7 Conjurations
 + Level 3.9 Fire Magic


You had 7 spell levels left.
You knew the following spells:

 Your Spells              Type           Power      Damage    Failure   Level
a - Foxfire               Conj/Fire      56%        2x1d6     4%          1

Your spell library contained the following spells:

 Spells                   Type           Power      Damage    Failure   Level
 Scorch                   Fire           32%        2d6       5%          2
 Inner Flame              Hex/Fire       9%         N/A       22%         3
 Kindle Blastsparks       Fire/Tloc/Air  14%        2d11      30%         3
 Flame Wave               Conj/Fire      14%        2d6       41%         4
 Gell's Gravitas          Tloc           2%         N/A       45%         3
 Lesser Beckoning         Tloc           4%         N/A       45%         3
 Teleport Other           Tloc           2%         N/A       45%         3


Dungeon Overview and Level Annotations

Branches:
Dungeon (2/15)

Altars:


Innate Abilities, Weirdness & Mutations

You have a beak for a mouth.
You have claws for feet.


Message History

The worm is lightly wounded.
The foxfire hits the worm.
The worm is moderately wounded.
Casting: Foxfire (safe; 4% risk of failure)
Confirm with . or Enter, or press ? or * to list all spells.
You conjure some foxfire!
You hit the worm but do no damage. You claw the worm.
The worm is moderately wounded.
The foxfire hits the worm.
The worm is moderately wounded.
The foxfire hits the worm.
The worm is heavily wounded.
The worm bites you.
Casting: Foxfire (safe; 4% risk of failure)
Confirm with . or Enter, or press ? or * to list all spells.
You conjure some foxfire!
The jelly jiggles.
Unknown command.
You barely miss the worm. You claw the worm.
The worm is heavily wounded.
The foxfire hits the worm but does no damage.
The worm is heavily wounded.
The foxfire hits the worm but does no damage.
The worm is heavily wounded.
The worm bites you!
Casting: Foxfire (safe; 4% risk of failure)
Confirm with . or Enter, or press ? or * to list all spells.
You conjure some foxfire!
The worm bites you.
* * * LOW HITPOINT WARNING * * *
You completely miss the worm. You claw the worm. You peck the worm.
The worm is heavily wounded.
The foxfire hits the worm.
The worm is severely wounded.
The foxfire hits the worm.
The worm is almost dead.
The jelly closely misses you. The jelly attacks as you move away!
The jelly hits you.
* * * LOW HITPOINT WARNING * * *
You are splashed with acid!
You die...

#.......#.######
###...### ####.##...#
#...# ####.##.### #####
.....##. #######.#
#.########## #####
#.#........# ..†.. #.#.#
####.#######
####.##.#.###...@J...w.#
#......)...##.###.#.#
##....)######.###.#.#
##....# #.##..#w#
##.#.######.......#
#.#........##.#### ##
#v###########.# .##
##'## #.# ..####...##
#.#


You could see a worm and a jelly.

Vanquished Creatures
  4 gnolls (D:2)
  An adder (D:2)
  3 dart slugs (D:1)
  An endoplasm (D:1)
  A giant cockroach (D:2)
  2 goblins (D:2)
  4 hobgoblins
  4 jackals (D:2)
  A quokka (D:1)
  2 ball pythons (D:1)
  3 bats (D:1)
  3 frilled lizards
  3 kobolds (D:1)
  6 rats
38 creatures vanquished.

Vanquished Creatures (others)
  124 foxfires
124 creatures vanquished.

Grand Total: 162 creatures vanquished

Notes
Turn   | Place    | Note
-------+----------+-------------------------------------------
     0 | D:1      | AigisTheKnight the Tengu Fire Elementalist began the quest
                  | for the Orb.
     0 | D:1      | Reached XP level 1. HP: 10/10 MP: 4/4
   211 | D:1      | Reached XP level 2. HP: 16/16 MP: 1/6
   816 | D:1      | Reached XP level 3. HP: 19/20 MP: 4/7
   956 | D:2      | Reached skill level 1 in Fighting
  1643 | D:2      | Reached XP level 4. HP: 25/25 MP: 1/8
  1778 | D:2      | Splashed by a jelly's acid

Illustrated notes

Levels and vault maps discovered:
D:1:      heliophobic_arrival_henge, layout_rooms, minmay_3d_cube
D:2:      layout_loops_corners, mrwooster_statue_mirror

Skill      XL: |  1  2  3 |
---------------+----------+-----
Conjurations   | 2 |  2.7
Fighting       | 1 |  1.4
Dodging        | |  2.9
Stealth        | |  2.0
Spellcasting   | |  2.6
Fire Magic     | |  3.9

Action                   |  1- 3 |  4- 6 || total
-------------------------+-------+-------++-------
Melee: Unarmed           |    15 |       ||    15
       Kick              |    10 |     5 ||    15
       Peck              |     3 |     4 ||     7
       Whip              |    17 |    10 ||    27
 Cast: Foxfire           |    82 |     9 ||    91
Armor: Robe              |     6 |       ||     6
Dodge: Dodged            |    22 |     6 ||    28

Table legend: (Time is in decaauts)
 A = Elapsed time spent in this place.
 B = Non-inter-level travel time spent in this place.
 C = Inter-level travel time spent in this place.
 D = Time resting spent in this place.
 E = Time spent auto-exploring this place.
 F = Levels seen in this place.
 G = Mean time per level.
                   A        B        C        D        E       F      G
               +--------+--------+--------+--------+--------+-----+--------+
         Total |   1779 |   1779 |      0 |      0 |   1496 |   2 |  889.5 |
       Dungeon |   1779 |   1779 |      0 |      0 |   1496 |   2 |  889.5 |
               +--------+--------+--------+--------+--------+-----+--------+

Top non-repeatable levels by time:
     D:1: 929 daAuts
     D:2: 850 daAuts
